 Dungeon Crawl Stone Soup version bcrawl-1.34.4 (webtiles) character file.

Game seed: 4468502177494137920

269307 KristoblXynda the Slasher (level 8, -1/70 HPs)
             Began as a Red Draconian Gladiator on Oct 24, 2021.
             Was an Initiate of Ashenzari.
             Slain by an ogre
             ... wielding a +0 giant club
              (20 damage)
             ... on level 4 of the Dungeon.
             The game lasted 00:04:12 (3764 turns).

KristoblXynda the Slasher (Red Draconian Gladiator) Turns: 3764, Time: 00:04:12

Health: -1/70      AC:  8    Str: 18    XL:     8   Next: 2%
Magic:  8/8        EV: 14    Int: 10    God:    Ashenzari [......]
Gold:   350        SH:  0    Dex: 13    Spells: 7/7 levels left

rFire    + + +     SeeInvis .   t - +7 flail "Ziulain" {drain, Fragile rPois rF+++ Str-5}
rCold    . . .     Gourm    .   (no shield)
rNeg     . . .     Faith    .   (armour unavailable)
rPois    +         Spirit   .   b - +1 hat
rElec    .         Reflect  .   (no cloak)
rCorr    .         Harm     .   (no gloves)
MR       .....                  m - +0 pair of boots
Stlth    +.........             (no amulet)
HPRegen  0.21/turn              f - +6 ring of strength
MPRegen  0.11/turn              (no ring)

@: no status effects
A: breathe fire, unfitting armour, fire resistance 1, cold-blooded, AC +6
a: Breathe Fire, Curse Item, Renounce Religion


You were on level 4 of the Dungeon.
You worshipped Ashenzari.
Ashenzari was noncommittal.
You were hungry.

You visited 1 branch of the dungeon, and saw 5 of its levels.

You collected 350 gold pieces.

Inventory:

Hand Weapons
 a - a +0 long sword
 t - the +7 flail "Ziulain" (weapon) {drain, Fragile rPois rF+++ Str-5}
   (You found it on level 4 of the Dungeon)

   A truly terrible weapon, it drains the life of those it strikes.
   It affects your strength (-5).
   It renders you almost immune to fire.
   It protects you from poison.
   It will be destroyed if unequipped.
 w - the +7 Spriggan's Knife {stab, EV+4 Stlth+}
   (You found it on level 4 of the Dungeon)

   It affects your evasion (+4).
   It makes you more stealthy.
Missiles
 c - 2 throwing nets (quivered) {=f}
Armour
 b - a +1 hat (worn)
 m - a +0 pair of boots (worn)
 q - a +0 medium shield
Jewellery
 f - a +6 ring of strength (left hand)
 o - the cursed amulet of Vision {SInv *Curse}
   (You found it on level 3 of the Dungeon)

   [amulet of nothing]

   It lets you see invisible.
   It curses itself when equipped.
   It has a curse placed upon it.
Scrolls
 i - a scroll of identify
 j - 3 scrolls of teleportation
 k - 3 scrolls of remove curse
 r - a scroll of fog {unknown}
 s - a scroll of enchant weapon {unknown}
Potions
 d - 2 potions of heal wounds
 g - a potion of berserk rage
 h - a potion of brilliance
 l - a potion of might
 n - a potion of cancellation
 p - 2 potions of haste
 u - 2 potions of magic {unknown}
Comestibles
 e - 8 rations {!d}


   Skills:
 + Level 6.0 Fighting
 + Level 7.1 Long Blades
 - Level 2.0 Throwing
 + Level 5.0 Dodging
 + Level 0.1 Shields


You had 7 spell levels left.
You didn't know any spells.
Your spell library was empty.

Dungeon Overview and Level Annotations

Branches:
Dungeon (5/12)
 Temple: D:4-7

Altars:
Ashenzari


Innate Abilities, Weirdness & Mutations

You can breathe blasts of fire.
Your fiery red scales are hard. (AC +6)
You cannot fit into any form of body armour.
Your flesh is heat resistant. (rF+)
You are cold-blooded and may be slowed by cold attacks.


Message History

The gnoll sergeant closely misses you. The gnoll sergeant misses you.
There is a stone staircase leading up here.
You closely miss the iguana. The iguana barely misses you.
The gnoll sergeant barely misses you.
You closely miss the iguana. The iguana closely misses you.
The gnoll hits you from afar with a +0 spear.
The gnoll sergeant barely misses you. The iguana barely misses you.
The gnoll misses you.
The ogre hits you with a +0 giant club!!
* * * LOW HITPOINT WARNING * * *
The gnoll sergeant barely misses you. The iguana misses you.
A rune on the stairs sparks and fizzles.
You climb upwards.
There is a stone staircase leading down here.
The iguana closely misses you.
You sock the ogre! You tail-slap the ogre.
The ogre is heavily wounded.
The ogre hits you with a +0 giant club!!
You die...

#.#.#######.#.
###.#.........<<
#...#.########.#
#.###...........
###.###.########..
#...l.............
#l#....>..........
#O#####.####......
#@#........+......
#.#.###.####......
#.....#...........
###.#.######......
#.#.............
#.#######.###'##
#.#######.# #.##
#.........###.##
#.#########....'


You could see an ogre and an iguana.

Vanquished Creatures
  Grinder (D:3)
  The ghost of CrawlingIntestines the Cudgeler, an amateur OnSk (D:3)
  A sky beast (D:3)
  An ogre (D:3)
  A scorpion (D:4)
  A howler monkey (D:4)
  A crimson imp (D:3)
  A hound (D:4)
  A centaur skeleton (D:3)
  An iguana (D:4)
  Natasha (thrice) (D:3)
  2 worker ants
  A howler monkey zombie (D:3)
  A worker ant zombie (D:4)
  4 adders
  4 gnolls
  An adder skeleton (D:3)
  2 worms
  3 dart slugs
  3 leopard geckos
  8 orcs
  A ball python (D:1)
  6 bats (D:1)
  A giant cockroach (D:2)
  4 goblins
  4 hobgoblins (D:1)
  5 jackals
  12 kobolds
  2 quokkas
  5 frilled lizards
  3 rats
85 creatures vanquished.

Notes
Turn   | Place    | Note
-------+----------+-------------------------------------------
     0 | D:1      | KristoblXynda the Draconian Gladiator began the quest for
                  | the Orb.
     0 | D:1      | Reached XP level 1. HP: 19/19 MP: 1/1
   134 | D:1      | Reached XP level 2. HP: 23/26 MP: 2/2
   678 | D:1      | Reached XP level 3. HP: 28/33 MP: 3/3
  1753 | D:3      | Reached XP level 4. HP: 36/40 MP: 4/4
  1789 | D:3      | Noticed Natasha
  1792 | D:3      | Killed Natasha
  1793 | D:3      | Reached skill level 4 in Long Blades
  1806 | D:3      | Noticed Natasha
  1843 | D:3      | Killed Natasha
  2005 | D:3      | Noticed Grinder
  2017 | D:3      | Killed Grinder
  2018 | D:3      | Reached skill level 5 in Long Blades
  2018 | D:3      | Reached XP level 5. HP: 36/47 MP: 5/5
  2018 | D:3      | Reached XP level 6. HP: 41/53 MP: 6/6
  2058 | D:3      | Noticed Natasha
  2066 | D:3      | Killed Natasha
  2250 | D:3      | Noticed a sky beast
  2261 | D:3      | Killed a sky beast
  2262 | D:3      | Reached skill level 5 in Fighting
  2366 | D:3      | Found a runed translucent gate.
  2367 | D:3      | Found a runed translucent gate.
  2369 | D:3      | Found a runed translucent gate.
  2371 | D:3      | Noticed CrawlingIntestines's ghost (amateur OnSk)
  2474 | D:3      | Reached skill level 6 in Long Blades
  2474 | D:3      | Your scales start taking on a fiery red colour.
  2474 | D:3      | Reached XP level 7. HP: 49/61 MP: 7/7
  2474 | D:3      | Gained mutation: Your flesh is heat resistant. (rF+) [Red
                  | Draconian growth]
  2531 | D:3      | Found a shattered altar of Ashenzari.
  2725 | D:3      | Became a worshipper of Ashenzari the Shackled
  2726 | D:3      | Found the cursed amulet of Vision {SInv *Curse}
  2913 | D:3      | Killed CrawlingIntestines's ghost
  3163 | D:4      | Reached skill level 7 in Long Blades
  3169 | D:4      | Got the flail "Ziulain" {drain, Fragile rPois rF+++ Str-5}
  3360 | D:4      | Found the +7 Spriggan's Knife {stab, EV+4 Stlth+}
  3494 | D:4      | Identified the +7 flail "Ziulain" {drain, Fragile rPois
                  | rF+++ Str-5} (You found it on level 4 of the Dungeon)
  3568 | D:4      | Reached skill level 5 in Dodging
  3568 | D:4      | Reached XP level 8. HP: 70/70 MP: 8/8
  3730 | D:5      | Entered Level 5 of the Dungeon
  3764 | D:4      | Slain by an ogre

Skill      XL: |  1  2  3  4  5  6  7 |
---------------+----------------------+-----
Throwing       | 2 |  2.0
Dodging        | 3 4 5 |  5.0
Fighting       | 4 5 6 |  6.0
Long Blades    | 5 6 7 |  7.1
Shields        | |  0.1

Action                   |  1- 3 |  4- 6 |  7- 9 || total
-------------------------+-------+-------+-------++-------
Melee: Long sword        |   122 |    91 |    90 ||   303
       Tailslap          |    11 |    17 |    17 ||    45
       Flail             |       |       |    14 ||    14
Throw: Throwing net      |       |     1 |       ||     1
 Abil: Breathe Fire      |       |       |     1 ||     1
  Use: Scroll            |     4 |     1 |     2 ||     7
 Stab: Sleeping          |     2 |       |     1 ||     3
       Held in net/web   |       |     2 |       ||     2
  Eat: Chunk             |     6 |     5 |     6 ||    17
Armor: Skin              |    36 |    20 |    31 ||    87
Dodge: Dodged            |   101 |    41 |    85 ||   227
Block: Other             |       |     2 |     1 ||     3
